 Dungeon Crawl Stone Soup version 0.24.0-10-g970556be89 (webtiles) character file.

Game seed: 6260017725246888907, levelgen mode: classic

21721 EnegeticOcto the Archer (level 12, -1/97 HPs)
             Began as a Mummy Chaos Knight on Nov 3, 2019.
             Was a Plaything of Xom.
             Slain by a large abomination (6 damage)
             ... on level 3 of the Abyss.
             The game lasted 00:26:35 (21110 turns).

EnegeticOcto the Archer (Mummy Chaos Knight)       Turns: 21110, Time: 00:26:36

Health: -1/97      AC: 12    Str: 15    XL:     12   Next: 56%
Magic:  15/15      EV: 11    Int: 15    God:    Xom [*.....]
Gold:   555        SH:  0    Dex: 13    Spells: 11/11 levels left

rFire    x . .     SeeInvis .   a - +3 longbow (flame)
rCold    + . .     Gourm    .   (shield currently unavailable)
rNeg     + + +     Faith    .   n - +3 scale mail
rPois    ∞         Spirit   .   o - +0 helmet
rElec    .         Reflect  .   (no cloak)
rCorr    .         Harm     .   (no gloves)
MR       +....                  r - +0 pair of boots
Stlth    ..........             (no amulet)
HPRegen  0.26/turn              (no ring)
MPRegen  0.14/turn              (no ring)

@: slowed, very slow
A: no food or potions, fire vulnerability, cold resistance 1, negative energy
resistance 3, torment resistance, unbreathing
a: Renounce Religion


You were on level 3 of the Abyss.
You worshipped Xom.
You were a special plaything of Xom.
You were not hungry.

You visited 2 branches of the dungeon, and saw 15 of its levels.
You visited the Abyss 2 times.

You collected 1425 gold pieces.
You spent 870 gold pieces at shops.

Inventory:

Hand Weapons
 a - a +3 longbow of flaming (weapon)
 b - the +10 dagger "Fomael" {elec, rC+ Dex+5}
   (You found it on level 3 of the Lair of Beasts)

   Occasionally, upon striking a foe, it will discharge some electrical energy
   and cause terrible harm.
   It affects your dexterity (+5).
   It protects you from cold.
 y - a +0 short sword of chaos
Missiles
 p - 13 curare-tipped darts
 q - 2 throwing nets {!f}
 B - 160 arrows (quivered)
Armour
 n - a +3 scale mail (worn)
 o - a +0 helmet (worn)
 r - a +0 pair of boots (worn)
Wands
 g - a wand of digging (4)
 h - a wand of iceblast (16)
 j - a wand of acid (25)
 s - a wand of scattershot (6)
 z - a wand of clouds (13)
 D - a wand of flame (17)
Scrolls
 c - 8 scrolls of remove curse {@r2}
 d - a scroll of torment
 i - 2 scrolls of amnesia
 l - 3 scrolls of enchant armour
 m - a scroll of vulnerability {unknown}
 t - 3 scrolls of immolation
 u - a scroll of silence
 w - a scroll of magic mapping {unknown}
 x - a scroll of teleportation {@r3 !r}
 A - a scroll of holy word
 C - 2 scrolls of noise


   Skills:
 - Level 10.0 Fighting
 - Level 4.5 Short Blades
 * Level 12.4 Bows
 - Level 5.0 Armour
 - Level 4.3 Dodging
   Level 4.1 Shields
 - Level 4.1 Evocations


You had 11 spell levels left.
You didn't know any spells.
Your spell library contained the following spells:

 Spells                   Type           Power        Failure   Level  Hunger
 Confusing Touch          Hex            #.....       67%         1    N/A
 Corona                   Hex            #......      67%         1    N/A
 Sting                    Conj/Pois      #...         67%         1    N/A
 Summon Small Mammal      Summ           #...         67%         1    N/A
 Call Imp                 Summ           #.......     82%         2    N/A
 Ensorcelled Hibernation  Hex/Ice        #.....       82%         2    N/A
 Poisonous Vapours        Pois/Air       #.....       82%         2    N/A
 Call Canine Familiar     Summ           #.......     96%         3    N/A
 Confuse                  Hex            #.......     96%         3    N/A
 Conjure Flame            Conj/Fire      #.......     96%         3    N/A
 Dazzling Spray           Conj/Hex       #.....       96%         3    N/A
 Gell's Gravitas          Tloc           #.........   96%         3    N/A
 Mephitic Cloud           Conj/Pois/Air  #.......     96%         3    N/A
 Summon Guardian Golem    Hex/Summ       #.......     96%         3    N/A
 Tukima's Dance           Hex            #.......     96%         3    N/A
 Olgreb's Toxic Radiance  Pois           #.......     100%        4    N/A
 Petrify                  Tmut/Erth      #.......     100%        4    N/A
 Summon Ice Beast         Ice/Summ       #.......     100%        4    N/A
 Summon Lightning Spire   Summ/Air       #.......     100%        4    N/A
 Metabolic Englaciation   Hex/Ice        #.........   100%        5    N/A
 Venom Bolt               Conj/Pois      #.........   100%        5    N/A
 Yara's Violent Unravell  Hex/Tmut       #.........   100%        5    N/A
 Freezing Cloud           Conj/Ice/Air   #.........   100%        6    N/A
 Ring of Flames           Chrm/Fire      #.........   100%        7    N/A

Dungeon Overview and Level Annotations

Branches:
Dungeon (11/15)            Temple (0/1) D:6            Lair (4/6) D:11
  Swamp (0/4) Lair:2       Spider (0/4) Lair:3
    Orc: D:9-12

Altars:
Ashenzari
Cheibriados
Fedhas
Gozag
Makhleb
Ru
Xom
Yredelemnul

Shops:
D:9 ?%[   D:10 !

Annotations:
D:4 1 runed translucent door, shugdite's ghost, amateur MiMo


Innate Abilities, Weirdness & Mutations

You do not eat or drink.
Your flesh is vulnerable to fire.
You are immune to poison.
Your flesh is cold resistant. (rC+)
You are immune to negative energy. (rN+++)
You are immune to unholy pain and torment.
You can survive without breathing.


Message History

The arrow hits the fire crab but does no damage.
The fire crab is lightly wounded.
The fire crab breathes flames at you.
Evoke which item? (* to show all) (? for menu, Esc to quit)
Aiming: Polymorph
Press: ? - help, Shift-Dir - straight line, f/p - fire crab
Aim: a fire crab (lightly wounded, chance to defeat MR: 40%)
The fire crab resists with some effort.
The now-empty wand crumbles to dust.
The fungus is engulfed in blazing flames.
Evoke which item? (* to show all) (? for menu, Esc to quit)
You don't have any such object.
Evoke which item? (* to show all) (? for menu, Esc to quit)
(Key replay ran out of keys)
You don't have any such object.
Evoke which item? (* to show all) (? for menu, Esc to quit)
Okay, then.
Evoke which item? (* to show all) (? for menu, Esc to quit)
Okay, then.
Blink to where?
Press: ? - help, Dir - move target cursor, p - fire crab
As you read the scroll of blinking {@r4}, it crumbles to dust.
An elephant comes into view.
The elephant trumpets!
You hear a trumpeting! x2
An elephant comes into view.
Really read
f - a scroll of fear {!r}?
Okay, then.
Okay, then.
Unknown command.
Really read
f - a scroll of fear {!r}?
As you read the scroll of fear {!r}, it crumbles to dust.
You assume a fearsome visage.
The elephant looks frightened!
The elephant resists with some effort.
An elephant comes into view.
The elephant trumpets!
You hear a trumpeting!
You hear an angry hiss.
An elephant comes into view.
The elephant trumpets!
There is a stone staircase leading up here.
The elephant tramples you.
* * * LOW HITPOINT WARNING * * *
You stumble backwards!
You stop ascending the stairs.
Okay, then.
An elephant comes into view.
Really read
x - 2 scrolls of teleportation {@r3 !r}?
As you read the scroll of teleportation {@r3 !r}, it crumbles to dust.
You feel strangely unstable. The elephant misses you.
The elephant barely misses you.
The elephant tramples you but does no damage.
The elephant trunk-slaps you but does no damage.
The fire crab bites you but does no damage.
The fire crab misses you.
Your surroundings suddenly seem different.
The yak bellows!
Xom casts you into the Abyss!
To return, you must find a gate leading back.
Killing monsters will force the Abyss to allow you passage.
This branch contains the abyssal rune of Zot.
You start resting.
Your magical contamination has completely faded away.
You start resting.
A large abomination comes into view.
Firing (i - inventory. (/) - cycle)
B - 166 arrows (quivered)
Press: ? - help, Shift-Dir - straight line, f - large abomination
Aim: a large abomination You shoot an arrow.
The arrow hits the large abomination!
The arrow burns the large abomination.
The large abomination is moderately damaged.
Firing (i - inventory. (/) - cycle)
B - 165 arrows (quivered)
Press: ? - help, Shift-Dir - straight line, f/p - large abomination
Aim: a large abomination (moderately damaged)
You shoot an arrow.
The arrow barely misses the large abomination.
Firing (i - inventory. (/) - cycle)
B - 164 arrows (quivered)
Press: ? - help, Shift-Dir - straight line, f/p - large abomination
Aim: a large abomination (moderately damaged)
You shoot an arrow. The arrow hits the large abomination!
The arrow burns the large abomination.
The large abomination is severely damaged.
Firing (i - inventory. (/) - cycle)
B - 163 arrows (quivered)
Press: ? - help, Shift-Dir - straight line, f/p - large abomination
Aim: a large abomination (severely damaged)
You shoot an arrow. The arrow hits the large abomination.
The arrow burns the large abomination.
The large abomination is almost destroyed.
Firing (i - inventory. (/) - cycle)
B - 162 arrows (quivered)
Press: ? - help, Shift-Dir - straight line, f/p - large abomination
Aim: a large abomination (almost destroyed)
You shoot an arrow.
The arrow barely misses the large abomination. "Try this."
You feel yourself slow down. The large abomination hits you!!
* * * LOW HITPOINT WARNING * * *
Firing (i - inventory. (/) - cycle)
B - 161 arrows (quivered)
Press: ? - help, Shift-Dir - straight line, f/p - large abomination
Aim: a large abomination (almost destroyed)
You shoot an arrow.
The arrow closely misses the large abomination.
The large abomination hits you!
* * * LOW HITPOINT WARNING * * *
The large abomination hits you.
You die...

. #. .. #. .
.##. #
#..######(.#
#..#..@X(.(#.
#. ####.#...#
. # #####.#
.. #


You could see a large abomination.

Vanquished Creatures
  A fire dragon (D:11)
  3 hydras
  2 two-headed ogres
  Urug (Lair:2)
  An unseen horror (D:11)
  2 cyclopes (D:11)
  A black mamba (Lair:1)
  4 spiny frogs
  8 komodo dragons
  5 trolls
  A hornet (D:11)
  3 blink frogs
  3 hippogriffs
  6 dream sheep (Lair:4)
  7 yaks
  A wraith (D:11)
  A wyvern (Lair:3)
  A golden eye (D:11)
  2 fire bats (Abyss:1)
  A warg (D:9)
  2 water moccasins
  9 porcupines
  An ice beast (D:6)
  3 black bears
  2 sky beasts (D:11)
  2 orc warriors
  An eye of draining (D:9)
  2 phantoms
  4 ogres
  A centaur (shapeshifter) (D:6)
  3 centaurs
  6 wolves
  4 crocodiles
  2 big kobolds
  11 bullfrogs
  A wyvern zombie (D:10)
  3 scorpions
  6 killer bees (D:7)
  5 wights (D:11)
  6 howler monkeys
  A crimson imp (D:9)
  A bullfrog zombie (D:9)
  2 centaur skeletons
  4 hounds
  6 orc wizards
  2 bullfrog skeletons
  An iguana (D:8)
  10 worker ants
  A killer bee zombie (D:9)
  A hound zombie (D:11)
  4 worker ant zombies
  4 gnolls
  A howler monkey skeleton (D:5)
  9 adders
  A shadow imp (D:7)
  2 oozes (D:1)
  An adder skeleton (D:9)
  5 worms
  3 dart slugs
  5 leopard geckos
  16 orcs
  3 ball pythons
  5 bats
  2 giant cockroaches
  2 hobgoblins (D:1)
  10 jackals
  3 quokkas
  2 frilled lizards
  7 goblins
  15 kobolds
  A leopard gecko skeleton (D:7)
  A leopard gecko zombie (D:5)
  A quokka skeleton (D:9)
  2 rats
  2 fungi
264 creatures vanquished.

Vanquished Creatures (collateral kills)
  A two-headed ogre (D:9)
  A blink frog (Lair:1)
  An ogre (D:9)
  A crocodile (Lair:1)
  An orc wizard (D:9)
  2 orcs (D:9)
7 creatures vanquished.

Vanquished Creatures (others)
  A yak (D:9)
  6 fungi (Lair:4)
  3 plants (Lair:4)
10 creatures vanquished.

Grand Total: 281 creatures vanquished

Notes
Turn   | Place    | Note
-------+----------+-------------------------------------------
     0 | D:1      | EnegeticOcto the Mummy Chaos Knight began the quest for the
                  | Orb.
     0 | D:1      | Reached XP level 1. HP: 18/18 MP: 1/1
   140 | D:1      | XOM: harmless Erth miscast
   323 | D:1      | Reached XP level 2. HP: 25/25 MP: 2/2
   583 | D:1      | XOM: harmless Tloc miscast
   605 | D:1      | XOM: harmless Necr miscast
   706 | D:1      | XOM: mild Erth miscast
   865 | D:2      | Reached XP level 3. HP: 30/30 MP: 3/3
  1059 | D:2      | Reached skill level 1 in Shields
  1711 | D:2      | XOM: god gift: copper wand {god gift}
  1969 | D:2      | Reached XP level 4. HP: 35/38 MP: 4/4
  2154 | D:3      | Found a shattered altar of Ashenzari.
  2202 | D:3      | XOM: 1-stop teleportation journey
  2395 | D:3      | XOM: confusion
  2657 | D:3      | XOM: silly message
  2709 | D:3      | XOM: cloud trail
  2713 | D:3      | XOM: harmless Summ miscast
  3004 | D:4      | XOM: butterfly on damage
  3015 | D:4      | XOM: cast spell 'Olgreb's Toxic Radiance'
  3018 | D:4      | Reached skill level 5 in Fighting
  3018 | D:4      | Reached XP level 5. HP: 27/44 MP: 5/5
  3127 | D:4      | XOM: harmless Summ miscast
  3171 | D:4      | XOM: silly message
  3178 | D:4      | XOM: mild Conj miscast
  3284 | D:4      | Found a runed translucent door.
  3284 | D:4      | Noticed shugdite's ghost (amateur MiMo)
  3307 | D:4      | Found a basalt altar of Yredelemnul.
  3307 | D:4      | Found a burning altar of Makhleb.
  3337 | D:4      | XOM: harmless Tmut miscast
  3372 | D:4      | Noticed an ogre
  3373 | D:4      | XOM: harmless Summ miscast
  3382 | D:4      | Killed an ogre
  3382 | D:4      | XOM: harmless Erth miscast
  3572 | D:4      | Reached XP level 6. HP: 44/51 MP: 6/6
  3735 | D:4      | XOM: stat loss: -1 Str (14/15)
  3974 | D:3      | XOM: summons 3 hostile demons
  4126 | D:4      | XOM: noise
  4258 | D:4      | XOM: swap monsters
  4289 | D:4      | XOM: harmless Erth miscast
  4522 | D:4      | XOM: enchant monster (good)
  4526 | D:4      | XOM: repel stairs
  5052 | D:5      | Entered Level 5 of the Dungeon
  5058 | D:5      | XOM: noise
  5362 | D:5      | XOM: severe Tloc miscast
  5362 | D:5      | Cast into level 1 of the Abyss (the severe capriciousness
                  | of Xom)
  5430 | Abyss:1  | Noticed a rust devil
  5433 | Abyss:1  | XOM: enchant monster (good)
  5486 | Abyss:1  | XOM: fog
  5522 | Abyss:1  | Noticed a fire bat
  5538 | Abyss:1  | Noticed a fire bat
  5544 | Abyss:1  | Killed a fire bat
  5544 | Abyss:1  | Reached XP level 7. HP: 19/59 MP: 7/7
  5544 | Abyss:1  | Killed a fire bat
  5546 | D:5      | Escaped the Abyss
  5710 | D:5      | XOM: god gift: 610 gold pieces
  5714 | D:5      | XOM: 2-stop teleportation journey
  5723 | D:5      | XOM: fake destruction
  6028 | D:5      | Found an opulent altar of Gozag.
  6111 | D:5      | XOM: 2-stop teleportation journey
  6164 | D:5      | Found a blossoming altar of Fedhas.
  6199 | D:5      | XOM: 1-stop teleportation journey
  6210 | D:5      | XOM: scenery: create altars
  6481 | D:5      | Found a snail-covered altar of Cheibriados.
  6484 | D:5      | XOM: scenery: 1 doors close
  6634 | D:5      | XOM: harmless Hex miscast
  6929 | D:5      | Reached XP level 8. HP: 68/68 MP: 8/8
  7060 | D:6      | Noticed a shapeshifter
  7060 | D:6      | a worker ant changed into a shapeshifter
  7060 | D:6      | a shapeshifter changed into a tarantella
  7062 | D:6      | XOM: cast spell 'Dispersal'
  7188 | D:6      | XOM: potion effect (curing)
  7338 | D:6      | XOM: mild Tmut miscast
  7356 | D:6      | XOM: enchant monster (good)
  7540 | D:6      | Found a staircase to the Ecumenical Temple.
  8050 | D:6      | XOM: enchant monster (good)
  8257 | D:7      | Reached skill level 10 in Fighting
  8263 | D:7      | XOM: polymorph adder -> gnoll
  8264 | D:7      | XOM: blink monster(s)
  8271 | D:7      | XOM: potion effect (might)
  8272 | D:7      | Reached skill level 1 in Dodging
  8276 | D:7      | XOM: enchant monster (good)
  8278 | D:7      | Reached skill level 1 in Evocations
  8876 | D:7      | XOM: 1-stop teleportation journey
  9153 | D:8      | Reached XP level 9. HP: 75/78 MP: 10/10
  9380 | D:8      | XOM: god gift: twisted gold wand {god gift}
  9474 | D:8      | XOM: summons 4 hostile demons
  9594 | D:8      | XOM: confuse monster(s)
 10022 | D:9      | Found Izawea's Food Shop.
 10249 | D:9      | Noticed a two-headed ogre
 10270 | D:9      | Killed a two-headed ogre
 10421 | D:9      | Found a sacrificial altar of Ru.
 10440 | D:9      | Found Miptuc's Magic Scroll Shop.
 10447 | D:9      | XOM: stat loss: -1 Str (14/15)
 10453 | D:9      | Bought a scroll of acquirement for 780 gold pieces
 10456 | D:9      | Bought a scroll of teleportation for 45 gold pieces
 10456 | D:9      | Bought a scroll of teleportation for 45 gold pieces
 10684 | D:9      | Found Feibluab's Antique Armour Boutique.
 10840 | D:9      | Noticed a two-headed ogre
 10841 | D:9      | XOM: fake destruction
 10849 | D:9      | XOM: summons 4 friendly demons
 10853 | D:9      | Killed a two-headed ogre
 10889 | D:9      | Reached XP level 10. HP: 12/85 MP: 13/13
 11209 | D:9      | XOM: harmless Necr miscast
 11322 | D:9      | XOM: divine lightning
 11324 | D:9      | XOM: enchant monster (good)
 11342 | D:9      | XOM: swap monsters
 11359 | D:9      | XOM: enchant monster (bad)
 11370 | D:9      | XOM: summons friendly ufetubus
 11375 | D:9      | XOM: potion effect (heal wounds)
 11382 | D:9      | XOM: cast spell 'Cause Fear'
 11476 | D:9      | XOM: summons 5 hostile demons
 11550 | D:8      | XOM: silly message
 11680 | D:9      | XOM: harmless Chrm miscast
 11762 | D:9      | XOM: harmless Fire miscast
 11768 | D:10     | Entered Level 10 of the Dungeon
 11781 | D:10     | Reached skill level 5 in Armour
 12242 | D:10     | XOM: scenery: 1 doors open
 12428 | D:10     | XOM: divination: detect items
 13264 | D:10     | Got an ancient bardiche
 13265 | D:10     | Identified the +4 bardiche of Leloiz {chop, Fragile rF+
                  | Int+6} (You acquired it on level 10 of the Dungeon)
 13288 | D:10     | Reached skill level 1 in Bows
 13365 | D:10     | XOM: 3-stop teleportation journey
 13381 | D:10     | Reached skill level 2 in Bows
 13390 | D:10     | XOM: 1-stop teleportation journey
 13655 | D:10     | XOM: summons 4 hostile demons
 13845 | D:10     | XOM: stat loss: -1 Int (13/14)
 13847 | D:10     | Found Neryjosu's Distillery.
 13900 | D:10     | XOM: destruction
 13921 | D:9      | Reached skill level 3 in Bows
 13923 | D:9      | XOM: cast spell 'Summon Mana Viper'
 14192 | D:10     | XOM: confuse monster(s)
 14200 | D:10     | XOM: swap monsters
 14201 | D:10     | Reached skill level 4 in Bows
 14351 | D:10     | Reached skill level 5 in Bows
 14584 | D:10     | You fall into a shaft and drop 1 floor!
 14741 | D:11     | XOM: confuse monster(s)
 14744 | D:11     | XOM: chaos upgrade
 14814 | D:10     | Reached skill level 6 in Bows
 14962 | D:11     | Found a staircase to the Lair.
 15001 | D:11     | Noticed a cyclops
 15015 | D:11     | Killed a cyclops
 15210 | D:11     | Reached XP level 11. HP: 90/90 MP: 14/14
 15275 | D:11     | Noticed Sonja
 15276 | D:11     | Sonja changed into something unseen
 15283 | D:11     | Killed Sonja the unseen horror
 15389 | D:11     | Reached skill level 7 in Bows
 15497 | D:11     | XOM: summons 4 hostile shadow creatures
 15524 | D:11     | Noticed a fire dragon
 15529 | D:11     | Killed a fire dragon
 15619 | D:11     | Noticed a two-headed ogre
 15626 | D:11     | Killed a two-headed ogre
 15629 | D:11     | Reached skill level 8 in Bows
 15676 | D:11     | XOM: summons 5 hostile demons
 15876 | D:11     | XOM: mild Erth miscast
 15883 | D:11     | XOM: severe Fire miscast
 15956 | D:11     | XOM: harmless Tmut miscast
 16025 | D:11     | XOM: medium Tmut miscast
 16120 | D:11     | Noticed Psyche
 16124 | D:11     | Noticed Psyche
 16124 | D:11     | Psyche changed into Psyche the golden eye
 16175 | D:11     | Killed Psyche the golden eye
 16328 | D:11     | XOM: divination: detect creatures
 16425 | Lair:1   | Entered Level 1 of the Lair of Beasts
 16434 | Lair:1   | XOM: polymorph wolf -> scorpion
 16435 | Lair:1   | XOM: divination: magic mapping
 16633 | Lair:1   | XOM: summons 11 friendly demons
 16808 | Lair:1   | XOM: potion effect (might)
 16809 | Lair:1   | Reached skill level 9 in Bows
 16832 | Lair:1   | XOM: 3-stop teleportation journey
 16968 | Lair:1   | XOM: scenery: create altars
 17091 | Lair:1   | XOM: 5-stop teleportation journey
 17170 | Lair:1   | Noticed an eight-headed hydra
 17177 | Lair:1   | Killed an eight-headed hydra
 17704 | Lair:1   | XOM: cleaving
 17737 | Lair:1   | XOM: god gift: 7 rations
 17860 | Lair:1   | Reached skill level 10 in Bows
 17986 | Lair:1   | XOM is BORED!
 18251 | Lair:1   | XOM: harmless Hex miscast
 18322 | Lair:2   | Found a staircase to the Swamp.
 18809 | Lair:2   | Noticed Urug
 18821 | Lair:2   | Killed Urug
 18829 | Lair:2   | XOM: god gift: 14 stones
 18885 | Lair:2   | XOM: mild Necr miscast
 18936 | Lair:2   | Noticed a five-headed hydra
 18940 | Lair:2   | Killed a five-headed hydra
 18940 | Lair:2   | Reached XP level 12. HP: 97/97 MP: 15/15
 19236 | Lair:2   | XOM: medium Fire miscast
 19361 | Lair:3   | Reached skill level 11 in Bows
 19565 | Lair:3   | XOM: harmless Hex miscast
 19763 | Lair:3   | Found a hole to the Spider Nest.
 19841 | Lair:3   | XOM: harmless Summ miscast
 20438 | Lair:3   | Got a jewelled dagger
 20439 | Lair:3   | Identified the +10 dagger "Fomael" {elec, rC+ Dex+5} (You
                  | found it on level 3 of the Lair of Beasts)
 20717 | Lair:3   | XOM is BORED!
 20717 | Lair:3   | XOM: mild Erth miscast
 20798 | Lair:4   | XOM: swap monsters
 20806 | Lair:4   | XOM: blink monster(s)
 20809 | Lair:4   | XOM: blink monster(s)
 20820 | Lair:4   | XOM: 2-stop teleportation journey
 20836 | Lair:4   | XOM: 2-stop teleportation journey
 20839 | Lair:4   | XOM: swap monsters
 20849 | Lair:4   | XOM: swap monsters
 20850 | Lair:4   | Reached skill level 12 in Bows
 20947 | Lair:4   | XOM: noise
 20955 | Lair:4   | Noticed an eight-headed hydra
 20957 | Lair:4   | Killed an eight-headed hydra
 20963 | Lair:4   | XOM: polymorph black mamba -> fire crab
 20967 | Lair:4   | XOM: 8-stop teleportation journey
 21016 | Lair:4   | Cast into level 3 of the Abyss (Xom)
 21109 | Abyss:3  | XOM: medium Hex miscast
 21110 | Abyss:3  | Slain by a large abomination

Levels and vault maps discovered:
D:1:      scummos_arrival_hexagon, layout_loops_ring
D:2:      layout_loops_corners, minivault_23, minmay_shallow_snake_nest
D:3:      layout_loops_ring, evilmike_ruin_ashenzari
D:4:      layout_loops_ring, amethyst_overflow_temple_binary, first_ration,
          ebering_ghost_reflecting_pool, minmay_between
D:5:      layout_basic, overflow_temple_1_default, overflow_temple_1_default,
          fedhas_bush_and_centaur_altar
D:6:      layout_basic, minmay_temple_entry_waves
D:7:      layout_loops_ring, serial_rivers, chequers_serial_rivers_marsh,
          chequers_serial_rivers_room_b, chequers_serial_rivers_micro_a,
          chequers_serial_rivers_micro_c, chequers_serial_rivers_micro_c,
          chequers_serial_rivers_room_b
D:8:      layout_basic
D:9:      layout_grid_maze, overflow_temple_1_default, serial_shops,
          nicolae_shop_window_shopping, shop, shop
D:10:     layout_gridville, serial_shops, kennysheep_mini
D:11:     layout_roguey, minmay_lair_entry_lava, uniq_sonja, uniq_psyche
Lair:1:   layout_gridlike, grunt_megastairs_1, lemuel_fruit_tree,
          infiniplex_staircase_pool
Lair:2:   layout_chaotic_city, swamp_mist, infiniplex_staircase_pool_2,
          grunt_megastairs_2, uniq_urug
Lair:3:   layout_hall_layers, spider_nest_entry_web_field
Lair:4:   layout_loops_ring, beast_lair_carwin_6
Abyss:3

Skill      XL: |  1  2  3  4  5  6  7  8  9 10 11 12 |
---------------+-------------------------------------+-----
Fighting       | 4 5 6 8 10 | 10.0
Shields        | 1 2 4 |  4.1
Dodging        | 2 4 |  4.3
Armour         | 2 4 5 |  5.0
Evocations     | 1 4 |  4.1
Short Blades   | 3 4 |  4.5
Bows           | 6 10 12 | 12.4

Action                   |  1- 3 |  4- 6 |  7- 9 | 10-12 || total
-------------------------+-------+-------+-------+-------++-------
Melee: Short sword       |    94 |   211 |   471 |       ||   776
       Rapier            |       |       |    26 |   130 ||   156
       Dagger            |       |       |       |   196 ||   196
 Fire: Longbow           |       |       |       |   319 ||   319
Evoke: Wand              |       |     1 |    19 |    21 ||    41
  Use: Scroll            |     2 |     6 |     5 |    13 ||    26
 Stab: Paralysed         |     1 |     7 |       |       ||     8
       Petrified         |       |       |     6 |       ||     6
       Petrifying        |       |       |     1 |       ||     1
       Confused          |       |       |     3 |     1 ||     4
Armor: Leather armour    |    28 |    37 |    15 |       ||    80
       Scale mail        |       |       |   155 |   305 ||   460
Dodge: Dodged            |    38 |    75 |   195 |   321 ||   629
Block: Buckler           |    11 |    25 |    88 |    42 ||   166
